 Dungeon Crawl Stone Soup version 0.26.0-45-g9c1d065592 (webtiles) character file.

Game seed: 5125007520052282492

(classic levelgen) 381 thiole the Stinger (level 6, -10/39 HPs)
             Began as an Octopode Venom Mage on Jan 29, 2021.
             Killed by divine providence
             ... invoked by an orc priest
              (12 damage)
             ... on level 4 of the Dungeon.
             The game lasted 00:08:34 (4719 turns).

thiole the Stinger (Octopode Venom Mage)            Turns: 4719, Time: 00:08:35

Health: -10/39     AC:  2    Str:  7    XL:     6   Next: 75%
Magic:  0/9        EV: 15    Int: 19    God:
Gold:   168        SH:  0    Dex: 13    Spells: 2/9 levels left

rFire    . . .     SeeInvis .   n - +1 dagger (elec)
rCold    . . .     Faith    .   (no shield)
rNeg     . . .     Spirit   .   d - +1 hat
rPois    .         Reflect  .   (no amulet)
rElec    .         Harm     .   (no ring)
rCorr    .         Rampage  .   (no ring)
Will     .....                  (no ring)
Stlth    +++.......             (no ring)
HPRegen  0.13/turn              (no ring)
MPRegen  0.11/turn              (no ring)
                                (no ring)
                                (no ring)

@: very slightly contaminated
A: almost no armour, stealthy swim, amphibious, 8 rings, constrict 8, camouflage
1, gelatinous body 1
a: no special abilities


You were on level 4 of the Dungeon.
You visited 1 branch of the dungeon, and saw 4 of its levels.

You collected 168 gold pieces.

Inventory:

Hand Weapons
 n - a +1 dagger of electrocution (weapon)
Armour
 d - a +1 hat (worn)
Jewellery
 j - an uncursed ring of fire {unknown}
Scrolls
 e - 4 scrolls of enchant armour {unknown}
 f - 6 scrolls of remove curse {unknown}
 g - 4 scrolls of teleportation {unknown}
 i - 3 scrolls of identify {unknown}
 p - a scroll of blinking {unknown}
 q - a scroll of noise {unknown}
 r - a scroll of amnesia {unknown}
Potions
 a - 3 potions of flight {unknown}
 b - a potion of magic {unknown}
 c - a potion of attraction {unknown}
 h - a potion of might {unknown}
 k - a potion of brilliance {unknown}
 l - a potion of mutation {unknown}
 m - a potion of invisibility {unknown}
 o - a potion of heal wounds {unknown}


   Skills:
 - Level 2.0 Fighting
 - Level 4.0 Dodging
 - Level 4.0 Stealth
 - Level 2.0 Spellcasting
 - Level 1.0 Transmutations
 + Level 1.4 Fire Magic
 - Level 4.0 Air Magic
 - Level 4.0 Poison Magic


You had 2 spell levels left.
You knew the following spells:

 Your Spells              Type           Power        Failure   Level
a - Sting                 Tmut/Pois      44%          6%          1
b - Mephitic Cloud        Conj/Pois/Air  12%          17%         3
c - Ignite Poison         Fire/Tmut/Pois 10%          22%         3

Your spell library contained the following spells:

 Spells                   Type           Power        Failure   Level
 Poisonous Vapours        Pois/Air       34%          4%          2
 Animate Skeleton         Necr           2%           17%         1
 Pain                     Necr           4%           17%         1
 Olgreb's Toxic Radiance  Pois           17%          32%         4
 Vampiric Draining        Necr           0%           45%         3
 Animate Dead             Necr           0%           86%         4
 Agony                    Necr           1%           99%         5


Dungeon Overview and Level Annotations

Branches:
Dungeon (4/15)
 Temple: D:4-7

Altars:
Cheibriados
Fedhas
Kikubaaqudgha
Okawaru
Wu Jian


Innate Abilities, Weirdness & Mutations

You cannot wear most types of armour.
You are very stealthy in the water. (Stealth+)
You are amphibious.
You can wear up to eight rings at the same time.
You can use your tentacles to constrict eight enemies at once.
Your skin changes colour to match your surroundings (Stealth+).
Your rubbery body absorbs attacks. (AC +1, EV +1)


Message History

You are very lightly contaminated with residual magic.
Nothing appears to happen.
The orc hits you with a +0 flail!
Casting: Sting (safe; 6% risk of failure)
Confirm with . or Enter, or press ? or * to list all spells.
Aiming: Sting (safe; 6% risk of failure)
Press: ? - help, Shift-Dir - straight line, f/p - orc
Aim: an orc, wielding a +0 flail (29% to evade)
The sting hits the orc.
The orc is poisoned.
The orc is lightly wounded.
The orc completely misses you. The orc hits you with a +0 flail!
The orc priest mumbles some strange prayers to Beogh against you.
Beogh smites you!
* * * LOW HITPOINT WARNING * * *
Casting: Sting (safe; 6% risk of failure)
Confirm with . or Enter, or press ? or * to list all spells.
You don't have enough magic to cast that spell.
Unknown command.
The orc priest invokes the aid of Beogh against you.
Beogh smites you!
You die...

# .#. ...#
...o. ...##
...
#)#######.#
#oo@).....#
####).#####
#.<...#
#.###....#
#.. ###...#
#.# #.. #.
. #. ..


You could see an orc priest and 2 orcs.

Vanquished Creatures
  3 orc wizards
  Crazy Yiuf (D:2)
  A bullfrog skeleton (D:4)
  4 gnolls (D:3)
  6 adders
  2 oozes
  An adder skeleton (D:2)
  3 worms
  3 dart slugs
  7 leopard geckos
  21 orcs
  10 bats
  3 giant cockroaches
  6 goblins
  7 hobgoblins
  4 jackals
  A ball python (D:1)
  4 frilled lizards
  12 kobolds
  A quokka skeleton (D:4)
  11 rats
111 creatures vanquished.

Vanquished Creatures (others)
  A human (D:3)
1 creature vanquished.

Grand Total: 112 creatures vanquished

Notes
Turn   | Place    | Note
-------+----------+-------------------------------------------
     0 | D:1      | thiole the Octopode Venom Mage began the quest for the Orb.
     0 | D:1      | Reached XP level 1. HP: 11/11 MP: 3/3
   258 | D:1      | Reached skill level 1 in Fighting
   258 | D:1      | Reached XP level 2. HP: 11/18 MP: 0/5
   638 | D:1      | Reached XP level 3. HP: 22/24 MP: 3/6
  1392 | D:1      | You fall into a shaft and drop 1 floor!
  1742 | D:2      | Reached XP level 4. HP: 22/29 MP: 1/7
  2156 | D:2      | Found a blossoming altar of Fedhas.
  2299 | D:2      | Found an iron altar of Okawaru.
  2299 | D:2      | Found a snail-covered altar of Cheibriados.
  2644 | D:2      | Found a runed translucent door.
  2645 | D:2      | Noticed Crazy Yiuf
  2767 | D:2      | Killed Crazy Yiuf
  2768 | D:2      | Reached XP level 5. HP: 33/34 MP: 6/8
  2849 | D:3      | Reached skill level 1 in Air Magic
  3324 | D:3      | Reached XP level 6. HP: 26/39 MP: 1/9
  3508 | D:3      | Found an ancient bone altar of Kikubaaqudgha.
  3533 | D:3      | Noticed a human
  3534 | D:3      | Killed a human
  4239 | D:3      | Learned a level 3 spell: Mephitic Cloud
  4243 | D:3      | Learned a level 3 spell: Ignite Poison
  4508 | D:3      | Found an ornate altar of the Wu Jian Council.
  4637 | D:4      | Reached skill level 1 in Fire Magic
  4719 | D:4      | Killed from afar by an orc priest

Illustrated notes

Levels and vault maps discovered:
D:1:      psy_arrival_dodecagon, layout_basic
D:2:      layout_rooms, gammafunk_temple_overflow_wave, fedhas_altar_2,
          uniq_crazy_yiuf_cottage
D:3:      layout_loops_ring, lemuel_round_altar, tgw_kikubaaqudgha
D:4:      layout_rooms, vehumet_statue, nzn_hepliaklqana_mist_gate,
          serial_shops, shop_fountains, item_on_display_a

Skill      XL: |  1  2  3  4  5  6 |
---------------+-------------------+-----
Poison Magic   | 4 |  4.0
Fighting       | 1 2 |  2.0
Stealth        | 3 4 |  4.0
Dodging        | 3 4 |  4.0
Air Magic      | 2 4 |  4.0
Fire Magic     | 1 |  1.4
Spellcasting   | |  2.0
Transmutations | |  1.0

Action                   |  1- 3 |  4- 6 || total
-------------------------+-------+-------++-------
Melee: Unarmed           |    24 |    12 ||    36
       Tentacles         |     3 |    10 ||    13
       Constrict         |    11 |    19 ||    30
       Dagger            |       |    60 ||    60
 Cast: Sting             |    71 |   119 ||   190
 Stab: Sleeping          |       |     1 ||     1
Armor: Skin              |     4 |    10 ||    14
Dodge: Dodged            |    45 |    68 ||   113
